 Dungeon Crawl Stone Soup version 0.30.1-3-gfc49f6343a (webtiles) character file.

Game seed: 3303012745589130658

856 Wiggles the Cleaver (level 7, -2/58 HPs)
             Began as a Minotaur Berserker on July 29, 2023.
             Was a High Priest of Trog.
             Slain by Grinder (3 damage)
             ... on level 5 of the Dungeon.
             The game lasted 00:06:23 (4268 turns).

Wiggles the Cleaver (Minotaur Berserker)            Turns: 4268, Time: 00:06:24

Health: -2/58      AC: 14    Str: 23    XL:     7   Next: 70%
Magic:  6/6        EV:  7    Int:  4    God:    Trog [*****.]
Gold:   319        SH:  0    Dex: 10    Spells: 6/6 levels left

rFire   . . .        g - +0 war axe
rCold   . . .        (no shield)
rNeg    . . .        k - +0 plate armour
rPois   .            (helmet restricted)
rElec   .            (no cloak)
rCorr   .            (no gloves)
SInv    .            o - +2 pair of boots
Will    .....        i - amulet of faith Stlth
                     (no ring)
HPRegen 0.29/turn    (no ring)
MPRegen 0.10/turn

%: faith
@: on berserk cooldown, slowed, very slow
A: horns 2, retaliatory headbutt
a: Renounce Religion, Berserk, Trog's Hand, Brothers in Arms


You were on level 5 of the Dungeon.
You worshipped Trog.
Trog was extremely pleased with you.
You visited 1 branch of the dungeon, and saw 5 of its levels.

You collected 319 gold pieces.

Inventory:

Hand Weapons
 g - a +0 war axe (weapon)
Missiles
 m - 6 boomerangs
 n - 3 silver boomerangs (quivered)
Armour
 k - a +0 plate armour (worn)
 o - a +2 pair of boots (worn)
Jewellery
 i - an amulet of faith (around neck)
 p - an amulet of guardian spirit
Wands
 w - a wand of flame (30)
Scrolls
 b - 2 scrolls of immolation {unknown}
 d - a scroll of enchant weapon {unknown}
 e - 6 scrolls of identify {unknown}
 h - a scroll of blinking {unknown}
 l - a scroll of silence {unknown}
 q - a scroll of amnesia {unknown}
 v - a scroll of teleportation {unknown}
 x - a scroll of noise {unknown}
Potions
 a - a potion of mutation {unknown}
 c - a potion of berserk rage {unknown}
 f - 3 potions of attraction {unknown}
 j - 2 potions of curing {unknown}
 r - a potion of flight {unknown}
 s - 2 potions of might {unknown}
 t - a potion of brilliance {unknown}
 u - a potion of invisibility {unknown}


   Skills:
 - Level 3.6 Fighting
 + Level 11.0 Axes
 - Level 2.4 Armour
 - Level 2.2 Dodging


You had 6 spell levels left.
You didn't know any spells.
Your spell library was empty.

Dungeon Overview and Level Annotations

Branches:
Dungeon (5/15)
 Temple: D:4-7

Altars:
Sif Muna

Shops:
D:3 (

Annotations:
D:5 Grinder


Innate Abilities, Weirdness & Mutations

You have a pair of horns on your head.
You reflexively headbutt those who attack you in melee.


Message History

Grinder blinks!
Grinder blinks!
Grinder blinks!
Grinder gestures at you. You resist with significant effort. Grinder hits you!
You writhe in agony.
Grinder hits you but does no damage.
You barely miss Grinder. You headbutt Grinder!
Grinder is heavily wounded.
Grinder hits you.
You writhe in agony.
* * * LOW HITPOINT WARNING * * *
You closely miss Grinder.
Grinder is heavily wounded.
Grinder says, "Tell me all your secrets, or I'll kill you."
Grinder hits you.
* * * LOW HITPOINT WARNING * * *
You writhe in agony.
* * * LOW HITPOINT WARNING * * *
You hit Grinder.
Grinder is heavily wounded.
Grinder gestures at you. You resist with significant effort.
Grinder grins, showing sharp teeth.
Grinder barely misses you.
You hit Grinder. You headbutt Grinder, but do no damage.
Grinder is severely wounded.
Grinder barely misses you.
Grinder says, "There's only one good use for a tongue: cutting it out."
Grinder gestures at you. You resist with significant effort.
You barely miss Grinder. You headbutt Grinder!
Grinder is almost dead.
Grinder hits you but does no damage. Grinder attacks as you move away!
Grinder hits you!
* * * LOW HITPOINT WARNING * * *
You writhe in agony.
* * * LOW HITPOINT WARNING * * *
Grinder hits you.
* * * LOW HITPOINT WARNING * * *
You writhe in agony.
You die...

#......#....#........#..
#<.....#....#........'..
#......#....#........#..
#......#....#....#####..
#......+....#....# #...
#......######....# #...
#######......##### #...
#......# ##.. #@.....#
### #########5.....#+#
....................
....................
....................
....................
....................
..##############.... .
....


You could see Grinder.

Vanquished Creatures
  A black bear (D:4)
  An ogre (D:5)
  4 killer bees (D:4)
  2 howler monkeys (D:4)
  2 hounds
  An iguana (D:4)
  Terence (D:2)
  10 gnolls
  5 adders
  A white imp (D:5)
  2 ufetubi (D:4)
  A worm (D:3)
  2 dart slugs (D:4)
  An orc (D:4)
  10 endoplasms
  3 giant cockroaches
  34 goblins
  27 hobgoblins
  7 jackals
  13 kobolds
  2 quokkas
  6 ball pythons
  3 bats (D:1)
  4 frilled lizards (D:2)
  10 rats
153 creatures vanquished.

Notes
Turn   | Place    | Note
-------+----------+-------------------------------------------
     0 | D:1      | Wiggles the Minotaur Berserker began the quest for the Orb.
     0 | D:1      | Reached XP level 1. HP: 19/19 MP: 0/0
    70 | D:1      | Found a faded altar of an unknown god.
   168 | D:1      | Reached skill level 4 in Axes
   186 | D:1      | Reached XP level 2. HP: 25/27 MP: 1/1
   561 | D:1      | Reached skill level 5 in Axes
   932 | D:2      | Found a shimmering blue altar of Sif Muna.
  1008 | D:2      | Reached XP level 3. HP: 33/33 MP: 2/2
  1116 | D:2      | Reached ** piety under Trog
  1132 | D:2      | Noticed Terence
  1139 | D:2      | Killed Terence
  1140 | D:2      | Reached XP level 4. HP: 40/40 MP: 3/3
  1155 | D:2      | Reached skill level 6 in Axes
  1840 | D:3      | Identified the +1 robe of Articulation {rF+ Str-5 Int+2}
  1906 | D:3      | Reached *** piety under Trog
  1940 | D:3      | Reached XP level 5. HP: 45/46 MP: 4/4
  1958 | D:3      | Reached skill level 7 in Axes
  2146 | D:3      | Reached **** piety under Trog
  2257 | D:3      | Reached skill level 8 in Axes
  2376 | D:3      | Reached XP level 6. HP: 52/52 MP: 5/5
  2390 | D:3      | Found Zylomiv's Weapon Shoppe.
  2721 | D:4      | Reached skill level 9 in Axes
  2729 | D:4      | Reached XP level 7. HP: 25/58 MP: 6/6
  2736 | D:4      | Reached skill level 10 in Axes
  3076 | D:4      | Reached ***** piety under Trog
  3893 | D:5      | Entered Level 5 of the Dungeon
  4155 | D:5      | Reached skill level 11 in Axes
  4239 | D:5      | Noticed Grinder
  4247 | D:5      | Paralysed by Grinder for 4 turns
  4268 | D:5      | HP: 1/58 [Grinder (2)]
  4268 | D:5      | Slain by Grinder

Illustrated notes

Levels and vault maps discovered:
D:1:      dpeg_arrival_rhombi, layout_basic,
          shapermc_ecumenical_altar_totnotflames
D:2:      layout_basic, basic_altar, uniq_terence
D:3:      minmay_goblin_kobold_castle, layout_rooms, serial_shops,
          nicolae_shop_bloodbath_and_beyond, serial_bayou_ford_a,
          minmay_misc_feat_doors, hex_tiny
D:4:      layout_layer_cave
D:5:      layout_gridville, uniq_eustachio, uniq_grinder

Skill      XL: |  1  2  3  4  5  6  7 |
---------------+----------------------+-----
Axes           | 4 5 6 8 9 11 | 11.0
Fighting       | |  3.6
Armour         | |  2.4
Dodging        | |  2.2

Action                     |  1- 3 |  4- 6 |  7- 9 || total
---------------------------+-------+-------+-------++-------
  Melee: Hand axe          |    61 |       |       ||    61
         Headbutt          |    12 |    13 |    13 ||    38
         Punch             |     1 |     1 |     1 ||     3
         War axe           |     6 |   148 |    60 ||   214
  Throw: Boomerang         |       |    34 |       ||    34
 Invoke: Berserk           |     1 |     1 |     1 ||     3
   Stab: Sleeping          |     1 |       |       ||     1
 Armour: Animal skin       |     8 |       |       ||     8
         Scale mail        |     7 |       |       ||     7
         Plate armour      |       |   166 |    48 ||   214
  Dodge: Dodged            |    42 |   100 |    36 ||   178
